 Dungeon Crawl Stone Soup version 0.22.0-60-ga52c2fc (webtiles) character file.

980 dvd the Magician (level 7, 0/33 HPs)
             Began as a Spriggan Venom Mage on Sept 9, 2018.
             Slain by Menkaure (10 damage)
             ... on level 5 of the Dungeon.
             The game lasted 00:25:26 (7261 turns).

dvd the Magician (Spriggan Venom Mage)              Turns: 7261, Time: 00:25:26

Health: 0/33       AC:  3    Str:  4    XL:     7   Next: 96%
Magic:  16/16      EV: 20    Int: 18    God:
Gold:   118        SH:  0    Dex: 17    Spells: 7/17 levels left

rFire    + . .     SeeInvis +   c - +2 short sword
rCold    . . .     Gourm    .   (shield restricted)
rNeg     . . .     Faith    .   a - +1 robe
rPois    .         Spirit   .   (helmet restricted)
rElec    .         Reflect  .   (no cloak)
rCorr    .         Harm     .   (gloves unavailable)
MR       +....                  (boots unavailable)
Stlth    +++.......             (no amulet)
HPRegen  0.11/turn              f - ring of protection from fire
MPRegen  0.15/turn              r - ring of flight

@: very quick
A: very small, unfitting armour, see invisible, herbivore, speed 3, slow
metabolism 2
a: Evoke Flight


You were on level 5 of the Dungeon.
You were not hungry.

You visited 1 branch of the dungeon, and saw 5 of its levels.

You collected 118 gold pieces.

Inventory:

Hand Weapons
 c - a +2 short sword (weapon)
 h - a +1 dagger of venom
Armour
 a - a +1 robe (worn)
Jewellery
 f - a ring of protection from fire (left hand)
 r - a ring of flight (right hand)
Scrolls
 b - 5 scrolls of teleportation
 d - 3 scrolls of identify
 j - 4 scrolls of remove curse
 n - a scroll of magic mapping
 p - a scroll of immolation
Potions
 g - a potion of flight
 k - a potion of degeneration {unknown}
 m - a potion of heal wounds {unknown}
 o - 2 potions of haste {unknown}
 q - a potion of agility {unknown}
Comestibles
 l - 2 rations


   Skills:
 + Level 1.1 Fighting
 + Level 3.4 Short Blades
 + Level 5.1 Dodging
 + Level 4.7 Stealth
 + Level 5.9 Spellcasting
 + Level 1.1 Conjurations
 + Level 2.1 Air Magic
 * Level 5.8 Poison Magic


You had 7 spell levels left.
You knew the following spells:

 Your Spells              Type           Power        Failure   Level  Hunger
a - Sting                 Conj/Pois      ###.         3%          1    None
b - Poisonous Vapours     Pois/Air       ###...       3%          2    None
c - Mephitic Cloud        Conj/Pois/Air  ###.....     11%         3    ##.....
d - Olgreb's Toxic Radia  Pois           ####....     11%         4    ####...

Your spell library contained the following spells:

 Spells                   Type           Power        Failure   Level  Hunger
 Confusing Touch          Hex            #.....       12%         1    None
 Confuse                  Hex            #.......     36%         3    ##.....
 Gell's Gravitas          Tloc           #.........   36%         3    ##.....
 Venom Bolt               Conj/Pois      ###.......   63%         5    #####..
 Petrify                  Tmut/Erth      #.......     77%         4    ####...
 Metabolic Englaciation   Hex/Ice        #.........   98%         5    #####..
 Yara's Violent Unravell  Hex/Tmut       #.........   98%         5    #####..


Dungeon Overview and Level Annotations

Branches:
Dungeon (5/15)
 Temple: D:4-7

Altars:
Ru

Annotations:
D:5 Menkaure


Innate Abilities, Weirdness & Mutations

You are very small and have problems with some larger weapons.
You are too small for most types of armour.
You have supernaturally acute eyesight. (SInv)
You are a herbivore.
You cover ground extremely quickly.
You need to consume almost no food.


Message History

Menkaure is almost destroyed.
Menkaure barely misses you.
You hit Menkaure.
Menkaure is almost destroyed.
Menkaure calls on the powers of darkness!
Your body is wracked with pain!
* * * LOW HITPOINT WARNING * * *
Unknown command.
Okay, then.
Unknown command.
You barely miss Menkaure.
Menkaure is almost destroyed.
Menkaure calls on the powers of darkness!
Your body is wracked with pain!
* * * LOW HITPOINT WARNING * * *
Unknown command.
You feel better.
Menkaure's bandages flutter.
Menkaure hits you!
You die...

# #......#.###
.........)# #######
........#M# ###.....#
........#)# ##.......##
........#.####.<.......#
.......##..##..........#
....... ##.##..........#
.....# #.##...[......#
..... #.#.M@.........#
#.............##
##............#
#.###........# #.#
#######.## ##. ## . .#
.#


You could see Menkaure.

Vanquished Creatures
  Edmund (D:5)
  An ogre (D:4)
  2 scorpions (D:4)
  A bullfrog zombie (D:4)
  3 orc priests (D:4)
  A bullfrog skeleton (D:5)
  A centaur skeleton (D:4)
  4 worker ants
  3 hound zombies (D:4)
  A hound skeleton (D:4)
  11 gnolls
  7 adders
  2 oozes
  2 adder skeletons (D:4)
  2 worms (D:2)
  7 dart slugs
  4 leopard geckos
  19 orcs
  4 giant cockroaches
  13 goblins
  13 hobgoblins
  13 jackals
  6 quokkas
  6 bats
  4 frilled lizards
  18 kobolds
  2 leopard gecko skeletons (D:4)
  A quokka skeleton (D:4)
  11 rats
163 creatures vanquished.

Notes
Turn   | Place    | Note
-------+----------+-------------------------------------------
     0 | D:1      | dvd the Spriggan Venom Mage began the quest for the Orb.
     0 | D:1      | Reached XP level 1. HP: 9/9 MP: 5/5
   313 | D:1      | Reached XP level 2. HP: 13/13 MP: 2/6
   410 | D:1      | Learned a level 2 spell: Poisonous Vapours
   929 | D:1      | Reached XP level 3. HP: 16/16 MP: 0/8
  1671 | D:2      | Reached XP level 4. HP: 21/21 MP: 5/10
  1676 | D:2      | Learned a level 3 spell: Mephitic Cloud
  2150 | D:2      | HP: 1/21 [dart slug/slug dart (6)]
  2589 | D:2      | Reached skill level 1 in Air Magic
  2888 | D:2      | Reached XP level 5. HP: 24/24 MP: 5/12
  2920 | D:2      | Reached skill level 1 in Conjurations
  4189 | D:4      | Learned a level 4 spell: Olgreb's Toxic Radiance
  4484 | D:4      | Noticed an ogre
  4894 | D:4      | Reached XP level 6. HP: 28/28 MP: 9/14
  5041 | D:4      | Reached skill level 1 in Short Blades
  5404 | D:4      | Reached skill level 5 in Spellcasting
  6062 | D:4      | Reached skill level 5 in Poison Magic
  6062 | D:4      | Reached XP level 7. HP: 29/32 MP: 6/15
  6223 | D:4      | Reached skill level 1 in Fighting
  6875 | D:4      | Found a sacrificial altar of Ru.
  6901 | D:5      | Entered Level 5 of the Dungeon
  6931 | D:5      | Noticed Edmund
  6940 | D:5      | Reached skill level 5 in Dodging
  6960 | D:5      | Killed Edmund
  7090 | D:5      | Noticed Menkaure
  7261 | D:5      | Slain by Menkaure

Skill      XL: |  1  2  3  4  5  6  7 |
---------------+----------------------+-----
Spellcasting   | 3 4 5 |  5.9
Stealth        | 4 |  4.7
Air Magic      | 1 2 |  2.1
Conjurations   | 1 |  1.1
Poison Magic   | 4 5 |  5.8
Short Blades   | 2 3 |  3.4
Dodging        | 4 5 |  5.1
Fighting       | 1 |  1.1

Action                   |  1- 3 |  4- 6 |  7- 9 || total
-------------------------+-------+-------+-------++-------
Melee: Unarmed           |    24 |    38 |       ||    62
       Short sword       |       |   102 |    74 ||   176
       Dagger            |       |    40 |    17 ||    57
 Cast: Sting             |    32 |    58 |     2 ||    92
       Poisonous Vapours |    21 |    75 |    10 ||   106
       Mephitic Cloud    |       |     5 |       ||     5
       Olgreb's Toxic Ra |       |     1 |     4 ||     5
  Use: Scroll            |       |    10 |     2 ||    12
       Potion            |       |     3 |     1 ||     4
 Stab: Sleeping          |     4 |     8 |     1 ||    13
       Confused          |       |     3 |       ||     3
  Eat: Ration            |       |     4 |     1 ||     5
Armor: Robe              |     7 |    17 |     4 ||    28
Dodge: Dodged            |    38 |   249 |    75 ||   362
